 Dungeon Crawl Stone Soup version 0.22-a0-512-g0943f25 (webtiles) character file.

11165 CougarLife the Blocker (level 11, -8/89 HPs)
             Began as a Gnoll Fighter on June 18, 2018.
             Was an Elder of Okawaru.
             Mangled by an eight-headed hydra (9 damage)
             ... on level 1 of the Lair of Beasts.
             The game lasted 00:21:12 (11268 turns).

CougarLife the Blocker (Gnoll Fighter)             Turns: 11268, Time: 00:21:13

Health: -8/89      AC: 19    Str: 27    XL:     11   Next: 73%
Magic:  18/20      EV: 19    Int: 11    God:    Okawaru [****..]
Gold:   584        SH: 15    Dex: 14    Spells: 22/22 levels left

rFire    . . .     SeeInvis .   F - +0 spear (flame)
rCold    + . .     Gourm    .   c - +1 shield
rNeg     . . .     Faith    .   j - +4 scale mail {rC+}
rPois    +         Spirit   .   r - +0 helmet
rElec    .         Reflect  .   (no cloak)
rCorr    .         Harm     .   (no gloves)
MR       .....                  H - +2 pair of boots
Stlth    +++.......             (no amulet)
HPRegen  0.24/turn              a - ring of poison resistance
MPRegen  0.17/turn              h - +2 ring of evasion

@: mighty, heroism
A: distributed training, fangs 1, strong nose
a: Heroism, Renounce Religion


You were on level 1 of the Lair of Beasts.
You worshipped Okawaru.
Okawaru was greatly pleased with you.
You were not hungry.

You visited 3 branches of the dungeon, and saw 12 of its levels.

You collected 584 gold pieces.

Inventory:

Hand Weapons
 w - a +1 war axe
 F - a +0 spear of flaming (weapon)
Missiles
 D - a throwing net (quivered)
Armour
 c - a +1 shield (worn)
 j - a +4 scale mail of cold resistance (worn)
 r - a +0 helmet (worn)
 H - a +2 pair of boots (worn)
Jewellery
 a - a ring of poison resistance (left hand)
 h - a +2 ring of evasion (right hand)
Wands
 v - a wand of flame (57)
 y - a wand of digging (8)
 E - a wand of acid (7)
 J - a wand of scattershot (6)
Scrolls
 i - 3 scrolls of remove curse
 k - 5 scrolls of teleportation
 l - 5 scrolls of blinking
 o - a scroll of immolation
 p - a scroll of enchant armour
 u - a scroll of torment
 x - 2 scrolls of magic mapping
 C - a scroll of enchant weapon
 G - a scroll of fog {unknown}
 I - 2 scrolls of identify
Potions
 b - a potion of agility {unknown}
 e - 2 potions of brilliance {unknown}
 g - 3 potions of curing
 n - a potion of lignification {unknown}
 q - 6 potions of haste
 s - 2 potions of degeneration {unknown}
 t - a potion of resistance {unknown}
 z - a potion of mutation {unknown}
 A - 2 potions of berserk rage {unknown}
 B - a potion of magic {unknown}
Comestibles
 f - 15 rations
 m - 6 chunks of flesh


   Skills:
 + Level 9.3(14.3) Fighting
 + Level 6.4(11.4) Short Blades
 + Level 6.4(11.4) Long Blades
 + Level 8.0(13.0) Axes
 + Level 6.4(11.4) Maces & Flails
 + Level 6.4(11.4) Polearms
 + Level 6.4(11.4) Staves
 + Level 6.4(11.4) Slings
 + Level 6.4(11.4) Bows
 + Level 6.4(11.4) Crossbows
 + Level 6.4(11.4) Throwing
 + Level 9.3(14.3) Armour
 + Level 6.4(11.4) Dodging
 + Level 6.4(11.4) Stealth
 + Level 9.3(14.3) Shields
 + Level 6.4(11.4) Unarmed Combat
 + Level 6.4 Spellcasting
 + Level 5.3 Conjurations
 + Level 5.3 Hexes
 + Level 5.3 Charms
 + Level 5.3 Summonings
 + Level 5.3 Necromancy
 + Level 5.3 Translocations
 + Level 5.3 Transmutations
 + Level 5.3 Fire Magic
 + Level 5.3 Ice Magic
 + Level 5.3 Air Magic
 + Level 5.3 Earth Magic
 + Level 5.3 Poison Magic
 + Level 7.1 Invocations
 + Level 6.4 Evocations


You had 22 spell levels left.
You didn't know any spells.
Your spell library contained the following spells:

 Spells                   Type           Power        Failure   Level  Hunger
 Mephitic Cloud           Conj/Pois/Air  ###.....     12%         3    ###....
 Venom Bolt               Conj/Pois      ###.......   73%         5    ######.
 Olgreb's Toxic Radiance  Pois           ###.....     36%         4    ####...
 Sting                    Conj/Pois      ###.         4%          1    None
 Poisonous Vapours        Pois/Air       ###...       6%          2    ##.....


Dungeon Overview and Level Annotations

Branches:
Dungeon (10/15)            Temple (1/1) D:4            Lair (1/6) D:9
    Orc (0/2) D:10

Altars:
Ashenzari
Cheibriados
Dithmenos
Elyvilon
Fedhas
Gozag
Hepliaklqana
Kikubaaqudgha
Makhleb
Nemelex Xobeh
Okawaru
Qazlal
Ru
Sif Muna
Trog
Uskayaw
Vehumet
Wu Jian
Xom
Yredelemnul
Zin
The Shining One

Shops:
D:5 *   D:10 [

Annotations:
D:9 3 runed doors, Safruar's ghost, journeyman FoFi
Lair:1 exclusion: oklob plant


Innate Abilities, Weirdness & Mutations

Your experience applies equally to all skills.
You have very sharp teeth.
Your uncanny sense of smell can sniff out nearby items.


Message History

You block the wolf's attack. The yak barely misses you.
Unknown command.
You puncture the eight-headed hydra! You burn the eight-headed hydra.
You bite the eight-headed hydra!
The eight-headed hydra is moderately wounded.
You block the yak's attack. The wolf misses you.
You block the eight-headed hydra's attack. x2
The eight-headed hydra bites you.
* * * LOW HITPOINT WARNING * * *
The eight-headed hydra completely misses you. x3
You block the eight-headed hydra's attack.
The eight-headed hydra misses you.
You puncture the eight-headed hydra! You burn the eight-headed hydra!
You bite the eight-headed hydra!
The eight-headed hydra is severely wounded.
You block the wolf's attack. The yak completely misses you.
The yak gores you but does no damage.
The eight-headed hydra bites you but does no damage.
The eight-headed hydra bites you!
You die...

#.###.............
##.##..............
#..#...............
###.................
#.#.................
#...................
#+#.#...............
#.⌠†...............
#.Y@##............
#....YDh.#..........
#.........##...
#...........##.
...##...##...# ..#
#.⌠.# #...# .# #...#
#... ..... ...


You could see an eight-headed hydra, 2 yaks and a wolf.

Vanquished Creatures
  A two-headed ogre (D:6)
  3 death yaks
  An orc knight (D:10)
  A komodo dragon (Lair:1)
  A hornet (D:9)
  A hippogriff (D:10)
  Sigmund (D:5)
  12 yaks
  A wraith (D:10)
  A wyvern (Lair:1)
  A water moccasin (Lair:1)
  6 orc warriors
  3 ice beasts
  2 sky beasts
  4 ogres
  2 necrophages
  The ghost of Dazliare the Insei, an amateur DgTm (D:3)
  5 centaurs
  2 wolves (Lair:1)
  2 crocodiles (Lair:1)
  Blork the orc (D:6)
  7 bullfrogs
  A gnoll sergeant (D:8)
  2 scorpions
  3 killer bees (D:9)
  5 wights (D:9)
  A jelly (D:6)
  5 crimson imps
  4 howler monkeys
  A bullfrog zombie (D:10)
  A quasit (D:10)
  2 hounds
  3 bullfrog skeletons
  A centaur skeleton (D:8)
  11 orc priests
  Jessica (D:2)
  7 worker ants
  Natasha (thrice) (D:3)
  Terence (D:2)
  6 iguanas
  11 orc wizards
  A hound zombie (D:10)
  A hound skeleton (D:9)
  Robin (D:2)
  A howler monkey zombie (D:8)
  A worker ant zombie (D:6)
  3 gnolls (D:8)
  10 adders
  A howler monkey skeleton (D:10)
  3 shadow imps
  An ooze (D:1)
  3 adder skeletons
  A worm (D:2)
  4 dart slugs
  6 leopard geckos
  42 orcs
  2 giant cockroaches
  13 goblins
  10 hobgoblins
  5 quokkas
  6 bats
  4 frilled lizards
  A jackal zombie (D:5)
  10 kobolds
  2 quokka skeletons
  9 rats
269 creatures vanquished.

Vanquished Creatures (others)
  2 plants (Lair:1)
2 creatures vanquished.

Grand Total: 271 creatures vanquished

Notes
Turn   | Place    | Note
-------+----------+-------------------------------------------
     0 | D:1      | CougarLife the Gnoll Fighter began the quest for the Orb.
     0 | D:1      | Reached XP level 1. HP: 23/23 MP: 1/1
    90 | D:1      | Reached XP level 2. HP: 24/29 MP: 2/2
   416 | D:1      | Reached XP level 3. HP: 28/35 MP: 3/3
   506 | D:2      | Noticed Robin
   511 | D:2      | Reached skill level 1 in Invocations
   523 | D:2      | Killed Robin
   523 | D:2      | Reached skill level 1 in Short Blades
   523 | D:2      | Reached skill level 1 in Long Blades
   523 | D:2      | Reached skill level 1 in Maces & Flails
   523 | D:2      | Reached skill level 1 in Polearms
   523 | D:2      | Reached skill level 1 in Staves
   523 | D:2      | Reached skill level 1 in Slings
   523 | D:2      | Reached skill level 1 in Bows
   523 | D:2      | Reached skill level 1 in Crossbows
   523 | D:2      | Reached skill level 1 in Throwing
   523 | D:2      | Reached skill level 1 in Dodging
   523 | D:2      | Reached skill level 1 in Stealth
   523 | D:2      | Reached skill level 1 in Unarmed Combat
   523 | D:2      | Reached skill level 1 in Spellcasting
   523 | D:2      | Reached skill level 1 in Evocations
   523 | D:2      | Reached XP level 4. HP: 9/41 MP: 5/5
   934 | D:2      | Noticed Jessica
   947 | D:2      | Killed Jessica
   947 | D:2      | Reached skill level 1 in Conjurations
   947 | D:2      | Reached skill level 1 in Hexes
   947 | D:2      | Reached skill level 1 in Charms
   947 | D:2      | Reached skill level 1 in Summonings
   947 | D:2      | Reached skill level 1 in Necromancy
   947 | D:2      | Reached skill level 1 in Translocations
   947 | D:2      | Reached skill level 1 in Transmutations
   947 | D:2      | Reached skill level 1 in Fire Magic
   947 | D:2      | Reached skill level 1 in Ice Magic
   947 | D:2      | Reached skill level 1 in Air Magic
   947 | D:2      | Reached skill level 1 in Earth Magic
   947 | D:2      | Reached skill level 1 in Poison Magic
  1022 | D:2      | Noticed Terence
  1037 | D:2      | Killed Terence
  1037 | D:2      | Reached XP level 5. HP: 25/47 MP: 6/6
  1823 | D:3      | Noticed Natasha
  1833 | D:3      | Killed Natasha
  1885 | D:3      | Reached XP level 6. HP: 45/53 MP: 8/8
  2064 | D:3      | Noticed Natasha
  2078 | D:3      | Killed Natasha
  2261 | D:3      | Noticed Natasha
  2275 | D:3      | Killed Natasha
  2275 | D:3      | Reached skill level 5 in Axes
  2424 | D:3      | Found a burning altar of Makhleb.
  2427 | D:3      | Found a shimmering altar of Xom.
  2428 | D:3      | Found a shattered altar of Ashenzari.
  2639 | D:3      | Found a runed door.
  2639 | D:3      | Noticed Dazliare's ghost (amateur DgTm)
  2651 | D:3      | Killed Dazliare's ghost
  2784 | D:4      | Reached XP level 7. HP: 29/59 MP: 10/10
  3668 | D:4      | Found a staircase to the Ecumenical Temple.
  3716 | Temple   | Entered the Ecumenical Temple
  3734 | Temple   | Became a worshipper of Warmaster Okawaru
  4054 | D:4      | Reached XP level 8. HP: 67/67 MP: 12/12
  4213 | D:5      | Entered Level 5 of the Dungeon
  4352 | D:5      | Found Momus's Assorted Antiques.
  4520 | D:5      | Noticed Sigmund
  4532 | D:5      | Killed Sigmund
  4536 | D:5      | Reached * piety under Okawaru
  5155 | D:6      | Reached XP level 9. HP: 52/72 MP: 11/14
  5414 | D:6      | Noticed a two-headed ogre
  5429 | D:6      | Killed a two-headed ogre
  5858 | D:6      | Found a sacrificial altar of Ru.
  5870 | D:6      | Noticed Blork the orc
  5884 | D:6      | Killed Blork the orc
  5884 | D:6      | Reached ** piety under Okawaru
  6226 | D:7      | Found a stormy altar of Qazlal.
  6227 | D:7      | Found a hazy altar of Hepliaklqana.
  6258 | D:7      | You fall through a shaft for 2 floors!
  6258 | D:9      | Noticed a death yak
  6260 | D:9      | Noticed a green ugly thing
  6280 | D:8      | Reached skill level 5 in Invocations
  6410 | D:8      | Reached XP level 10. HP: 79/80 MP: 14/17
  6943 | D:8      | Reached *** piety under Okawaru
  7329 | D:9      | Reached skill level 5 in Short Blades
  7329 | D:9      | Reached skill level 5 in Long Blades
  7329 | D:9      | Reached skill level 5 in Maces & Flails
  7329 | D:9      | Reached skill level 5 in Polearms
  7329 | D:9      | Reached skill level 5 in Staves
  7329 | D:9      | Reached skill level 5 in Slings
  7329 | D:9      | Reached skill level 5 in Bows
  7329 | D:9      | Reached skill level 5 in Crossbows
  7329 | D:9      | Reached skill level 5 in Throwing
  7329 | D:9      | Reached skill level 5 in Dodging
  7329 | D:9      | Reached skill level 5 in Stealth
  7329 | D:9      | Reached skill level 5 in Unarmed Combat
  7329 | D:9      | Reached skill level 5 in Spellcasting
  7329 | D:9      | Reached skill level 5 in Evocations
  7413 | D:9      | Noticed Safruar's ghost (journeyman FoFi)
  7425 | D:9      | Found a runed gate.
  7711 | D:9      | Found a runed gate.
  8095 | D:9      | Received a gift from Okawaru
  8168 | D:9      | Found a runed gate.
  8272 | D:9      | Found a staircase to the Lair.
  8290 | D:9      | Noticed a death yak
  8291 | D:9      | Noticed a death yak
  8308 | D:9      | Reached **** piety under Okawaru
  8311 | D:9      | Killed a death yak
  8312 | D:9      | Killed a death yak
  8312 | D:9      | Reached XP level 11. HP: 52/87 MP: 19/19
  8321 | D:8      | Received a gift from Okawaru
  8324 | D:8      | Killed a death yak
  8723 | D:9      | Reached skill level 5 in Conjurations
  8723 | D:9      | Reached skill level 5 in Hexes
  8723 | D:9      | Reached skill level 5 in Charms
  8723 | D:9      | Reached skill level 5 in Summonings
  8723 | D:9      | Reached skill level 5 in Necromancy
  8723 | D:9      | Reached skill level 5 in Translocations
  8723 | D:9      | Reached skill level 5 in Transmutations
  8723 | D:9      | Reached skill level 5 in Fire Magic
  8723 | D:9      | Reached skill level 5 in Ice Magic
  8723 | D:9      | Reached skill level 5 in Air Magic
  8723 | D:9      | Reached skill level 5 in Earth Magic
  8723 | D:9      | Reached skill level 5 in Poison Magic
  8876 | D:10     | Entered Level 10 of the Dungeon
  8891 | D:10     | Received a gift from Okawaru
  9538 | D:10     | Found a staircase to the Orcish Mines.
  9539 | D:10     | Found Lequr's Armour Shop.
  9545 | D:10     | Noticed an orc knight
  9573 | D:10     | Killed an orc knight
 10162 | D:7      | Found a blossoming altar of Fedhas.
 10386 | D:7      | Found a deep blue altar of Sif Muna.
 10855 | Lair:1   | Entered Level 1 of the Lair of Beasts
 10968 | Lair:1   | Noticed an oklob plant
 11245 | Lair:1   | Reached ***** piety under Okawaru
 11245 | Lair:1   | Received a gift from Okawaru
 11256 | Lair:1   | Noticed an eight-headed hydra
 11267 | Lair:1   | HP: 1/89 [eight-headed hydra (4)]
 11268 | Lair:1   | Mangled by an eight-headed hydra

Vault maps used:
D:1:      nzn_arrival_depleted_hourglass
D:2:      uniq_jessica, uniq_robin, uniq_terence
D:3:      minitemple, gammafunk_ghost_grave, first_ration, uniq_natasha
D:4:      minmay_temple_entry_butterflies
D:5:      serial_shops, nicolae_shop_overgrown_old_shop, st_stairs_8,
          uniq_sigmund
D:6:      nicolae_ru_sacrificial_ziggurat, uniq_blork_the_orc
D:7:      grunt_temple_overflow_open, amethyst_overflow_temple_binary
D:8:      grunt_ogre_cave
D:9:      dpeg_lair_monsters, gammafunk_ghost_split
D:10:     orc_david_3
Temple:   jpeg_temple_clearing
Lair:1:   grunt_megastairs_5, minmay_lair_oklob_chamber, uniq_harold

Skill      XL: |  1  2  3  4  5  6  7  8  9 10 11 |
---------------+----------------------------------+-----
Invocations    | 1 2 3 4 5 6 7 |  7.1
Short Blades   | 1 2 3 4 5 6 |  6.4
Long Blades    | 1 2 3 4 5 6 |  6.4
Maces & Flails | 1 2 3 4 5 6 |  6.4
Polearms       | 1 2 3 4 5 6 |  6.4
Staves         | 1 2 3 4 5 6 |  6.4
Slings         | 1 2 3 4 5 6 |  6.4
Bows           | 1 2 3 4 5 6 |  6.4
Crossbows      | 1 2 3 4 5 6 |  6.4
Throwing       | 1 2 3 4 5 6 |  6.4
Dodging        | 1 2 3 4 5 6 |  6.4
Stealth        | 1 2 3 4 5 6 |  6.4
Unarmed Combat | 1 2 3 4 5 6 |  6.4
Spellcasting   | 1 2 3 4 5 6 |  6.4
Evocations     | 1 2 3 4 5 6 |  6.4
Conjurations   | 1 2 3 4 5 |  5.3
Hexes          | 1 2 3 4 5 |  5.3
Charms         | 1 2 3 4 5 |  5.3
Summonings     | 1 2 3 4 5 |  5.3
Necromancy     | 1 2 3 4 5 |  5.3
Translocations | 1 2 3 4 5 |  5.3
Transmutations | 1 2 3 4 5 |  5.3
Fire Magic     | 1 2 3 4 5 |  5.3
Ice Magic      | 1 2 3 4 5 |  5.3
Air Magic      | 1 2 3 4 5 |  5.3
Earth Magic    | 1 2 3 4 5 |  5.3
Poison Magic   | 1 2 3 4 5 |  5.3
Axes           | 5 6 7 8 |  8.0
Fighting       | 7 8 9 |  9.3
Armour         | 7 8 9 |  9.3
Shields        | 7 8 9 |  9.3

Action                   |  1- 3 |  4- 6 |  7- 9 | 10-12 || total
-------------------------+-------+-------+-------+-------++-------
Melee: War axe           |    83 |   145 |   391 |   418 ||  1037
       Bite              |     8 |    10 |    59 |    79 ||   156
       Spear             |       |       |       |   139 ||   139
Invok: Heroism           |       |       |     3 |     9 ||    12
  Use: Scroll            |       |     8 |     4 |     3 ||    15
       Potion            |       |       |     1 |     5 ||     6
 Stab: Sleeping          |       |       |     1 |     1 ||     2
  Eat: Chunk             |       |     6 |    13 |    16 ||    35
Armor: Scale mail        |    44 |    40 |   105 |   141 ||   330
Dodge: Dodged            |    29 |    40 |   136 |   251 ||   456
Block: Shield            |    59 |    81 |   260 |   398 ||   798

Table legend:
 A = Spawn XP
 B = Non-spawn XP
 C = Spawn XP percentage of total XP
 D = Spawn monster count
 E = Non-spawn monster count
 F = Spawn count percentage of total count
 G = Total turns spent on level
                    A         B        C        D         E        F      G
               +---------+---------+-------+---------+---------+-------+---------
         Total |       0 |   15950 |   0.0 |       0 |     269 |   0.0 | 11268
               +---------+---------+-------+---------+---------+-------+---------
           D:1 |       0 |      47 |   0.0 |       0 |      23 |   0.0 |   506
           D:2 |       0 |     151 |   0.0 |       0 |      32 |   0.0 |  1388
           D:3 |       0 |     404 |   0.0 |       0 |      24 |   0.0 |  1056
           D:4 |       0 |     675 |   0.0 |       0 |      32 |   0.0 |  1372
           D:5 |       0 |     971 |   0.0 |       0 |      21 |   0.0 |   955
           D:6 |       0 |    1771 |   0.0 |       0 |      19 |   0.0 |  1009
           D:7 |       0 |     353 |   0.0 |       0 |      13 |   0.0 |   854
           D:8 |       0 |    2496 |   0.0 |       0 |      34 |   0.0 |  1617
           D:9 |       0 |    5125 |   0.0 |       0 |      30 |   0.0 |  1071
          D:10 |       0 |    2320 |   0.0 |       0 |      31 |   0.0 |   942
        Lair:1 |       0 |    1637 |   0.0 |       0 |      10 |   0.0 |   413
               +---------+---------+-------+---------+---------+-------+---------
